 Dungeon Crawl Stone Soup version 0.31-a0-145-g046c7d2549 (webtiles) character file.

Game seed: 16902697281946425584

5929 Pooter the Cleaver (level 10, 0/93 HPs)
             Began as a Minotaur Berserker on June 5, 2023.
             Was a Priest of Trog.
             Succumbed to a kobold brigand's curare-tipped dart
             ... on level 9 of the Dungeon.
             The game lasted 00:37:25 (9118 turns).

Pooter the Cleaver (Minotaur Berserker)             Turns: 9118, Time: 00:37:25

Health: 0/93       AC: 12    Str: 30    XL:     10   Next: 54%
Magic:  9/9        EV: 13    Int:  4    God:    Trog [***...]
Gold:   524        SH:  0    Dex: 12    Spells: 9/9 levels left

rFire   . . .        b - +0 orcbow
rCold   . . .        (shield currently unavailable)
rNeg    . . .        v - +0 plate armour
rPois   .            z - +1 hat
rElec   .            (no cloak)
rCorr   .            (no gloves)
SInv    .            (no boots)
Will    .....        (no amulet)
Stlth   x              - +6 ring of strength
HPRegen 0.35/turn    G - +5 ring of evasion
MPRegen 0.11/turn

%: no passive effects
@: lethally poisoned (0 -> -14), slowed, very slow
A: horns 2, retaliatory headbutt
a: Renounce Religion, Berserk, Trog's Hand


You were on level 9 of the Dungeon.
You worshipped Trog.
Trog was most pleased with you.
You visited 1 branch of the dungeon, and saw 9 of its levels.

You collected 524 gold pieces.

Inventory:

Hand Weapons
 a - a +3 heavy battleaxe
   (You acquired it on level 8 of the Dungeon)
 b - a +0 orcbow (weapon)
   (You took it off a centaur on level 9 of the Dungeon)
 s - a +2 dagger of venom
   (You took it off a goblin on level 3 of the Dungeon)
 y - a +0 trident
   (You took it off an orc on level 4 of the Dungeon)
 L - a +1 heavy flail
   (You took it off an orc on level 8 of the Dungeon)
 M - a +3 war axe
   (You took it off an orc on level 5 of the Dungeon)
Missiles
 c - 2 throwing nets {!f}
 m - 7 boomerangs
 o - 7 poisoned darts
 E - 21 boomerangs of dispersal {!f}
 Q - 55 stones
Armour
 v - a +0 plate armour (worn)
   (You found it on level 3 of the Dungeon)
 z - a +1 hat (worn)
   (You found it on level 4 of the Dungeon)
Jewellery
 x - a +6 ring of strength (left hand)
   (You found it on level 4 of the Dungeon)
 A - a +6 ring of intelligence
   (You found it on level 4 of the Dungeon)
 C - a ring of resist corrosion
   (You found it on level 4 of the Dungeon)
 G - a +5 ring of evasion (right hand)
   (You found it on level 5 of the Dungeon)
 I - a ring of protection from cold
   (You found it on level 7 of the Dungeon)
 N - a ring of fire
   (You found it on level 9 of the Dungeon)
 P - a ring of poison resistance
   (You found it on level 7 of the Dungeon)
Wands
 f - a wand of flame (7)
   (You found it on level 8 of the Dungeon)
Scrolls
 h - a scroll of vulnerability {unknown}
 n - a scroll of noise {!r}
 r - 3 scrolls of immolation {!r}
 t - 4 scrolls of teleportation {@r4}
 u - a scroll of fear {unknown}
 w - a scroll of brand weapon {unknown}
 J - 2 scrolls of torment {!r}
Potions
 d - a potion of enlightenment {unknown}
 e - 3 potions of heal wounds {unknown}
 j - a potion of magic {unknown}
 k - a potion of degeneration {unknown}
 l - 5 potions of curing {@q1}
 p - 2 potions of attraction {unknown}
 q - 4 potions of might
 B - a potion of haste {unknown}
 D - a potion of cancellation {unknown}
 F - 2 potions of resistance {unknown}
 H - 2 potions of invisibility {unknown}
 K - a potion of berserk rage {unknown}
 O - a potion of lignification {unknown}


   Skills:
 + Level 10.2 Fighting
 * Level 13.8 Axes
 * Level 8.6 Ranged Weapons
 - Level 2.4 Armour
 - Level 2.1 Dodging


You had 9 spell levels left.
You didn't know any spells.
Your spell library was empty.

Dungeon Overview and Level Annotations

Branches:
Dungeon (9/15)             Temple (0/1) D:5            Lair (0/5) D:8
    Orc: D:9-12

Altars:
Cheibriados
Dithmenos
Makhleb
Nemelex Xobeh
Okawaru
Qazlal
Trog
Xom

Shops:
D:6 ::

Annotations:
D:5 1 runed translucent door, Crazy Yiuf


Innate Abilities, Weirdness & Mutations

You have a pair of horns on your head.
You reflexively headbutt those who attack you in melee.


Message History

Press: ? - help, Q - select action, (/) - cycle Shift-Dir - straight line, f/p - kobold brigand
Aim: a kobold brigand, wielding a +0 dagger and quivering curare-tipped darts (lightly wounded, 55% to hit)
You shoot an arrow.
The arrow hits the kobold brigand but does no damage.
You feel very sick.
Fire: b) +0 orcbow
Press: ? - help, Q - select action, (/) - cycle Shift-Dir - straight line, f/p - kobold brigand
Aim: a kobold brigand, wielding a +0 dagger and quivering curare-tipped darts (lightly wounded, 55% to hit)
You shoot an arrow.
The arrow closely misses the kobold brigand.
You feel sick.
The howler monkey hoots and howls with incredible vigour!
The deep elf pyromancer points at you and mumbles some strange words.
The sticky flame misses you.
Fire: b) +0 orcbow
Press: ? - help, Q - select action, (/) - cycle Shift-Dir - straight line, f/p - kobold brigand
Aim: a kobold brigand, wielding a +0 dagger and quivering curare-tipped darts (lightly wounded, 55% to hit)
You shoot an arrow.
The arrow closely misses the kobold brigand.
You feel sick.
You are no longer poisoned.
Fire: b) +0 orcbow
Press: ? - help, Q - select action, (/) - cycle Shift-Dir - straight line, f/p - kobold brigand
Aim: a kobold brigand, wielding a +0 dagger and quivering curare-tipped darts (lightly wounded, 55% to hit)
You shoot an arrow. The arrow hits the kobold brigand.
Fire: b) +0 orcbow
Press: ? - help, Q - select action, (/) - cycle Shift-Dir - straight line, f/p - kobold brigand
Aim: a kobold brigand, wielding a +0 dagger and quivering curare-tipped darts (moderately wounded, 55% to hit)
You shoot an arrow.
The arrow closely misses the kobold brigand.
The howler monkey hoots and howls with incredible vigour!
Fire: b) +0 orcbow
Press: ? - help, Q - select action, (/) - cycle Shift-Dir - straight line, f/p - kobold brigand
Aim: a kobold brigand, wielding a +0 dagger and quivering curare-tipped darts (moderately wounded, 55% to hit)
You shoot an arrow.
The arrow barely misses the kobold brigand.
The deep elf pyromancer gestures at you while chanting.
The bolt of fire hits you!!
* * * LOW HITPOINT WARNING * * *
The kobold brigand throws a curare-tipped dart.
The curare-tipped dart hits you.
You are lethally poisoned!
You have difficulty breathing.
* * * LOW HITPOINT WARNING * * *
You feel as though you will be slow longer.
Unknown command.
As you read the scroll of butterflies, it crumbles to dust.
You hear the flapping of tiny wings.
The kobold brigand is knocked back by the sudden gust.
You die...

#........#§≈#..
#........#§≈#.. ##..
#........#≈≈## ..K#
#.........bbb## .bb#
#########.#bb8##'b##8
#.#bbbb8..8.≈


#bbbbbbbhb.≈≈ ###bbbbbebb≈≈ ##b@bbb≈≈≈# ##b#bbbb## #bb§b### ###### You could see
a deep elf pyromancer (ally target), a kobold brigand (ally target) and a howler
monkey (catching breath, ally target).

Vanquished Creatures
  A troll (D:9)
  A hornet (D:7)
  A wraith (D:9)
  A wyvern (D:9)
  9 yaks (D:9)
  2 humans (D:7)
  A steam dragon (D:9)
  A water moccasin (D:5)
  2 orc warriors (D:8)
  2 sky beasts
  4 black bears
  3 ice beasts
  An ogre (D:7)
  3 centaurs
  A phantom (D:4)
  2 kobold brigands (D:7)
  4 bullfrogs
  3 scorpions
  2 wights (D:8)
  9 electric eels
  2 lava snakes (D:9)
  3 hounds
  A jelly (D:7)
  3 orc priests
  2 sleepcaps
  5 iguanas
  7 orc wizards
  Robin (D:2)
  8 gnolls
  11 adders
  2 shadow imps
  A white imp (D:5)
  3 ufetubi
  A worm (D:2)
  5 dart slugs
  33 orcs
  6 endoplasms
  3 giant cockroaches
  15 hobgoblins
  4 jackals (D:2)
  2 quokkas
  7 ball pythons
  5 bats
  3 frilled lizards
  18 goblins
  13 kobolds
  10 rats
227 creatures vanquished.

Notes
Turn   | Place    | Note
-------+----------+-------------------------------------------
     0 | D:1      | Pooter the Minotaur Berserker began the quest for the Orb.
     0 | D:1      | Reached XP level 1. HP: 19/19 MP: 0/0
   124 | D:1      | Reached skill level 4 in Axes
   229 | D:1      | Reached XP level 2. HP: 25/27 MP: 1/1
   645 | D:2      | Reached XP level 3. HP: 18/33 MP: 2/2
  1032 | D:2      | Reached skill level 5 in Axes
  1183 | D:2      | Reached ** piety under Trog
  1308 | D:2      | Reached XP level 4. HP: 41/41 MP: 3/3
  1340 | D:2      | Noticed Robin
  1349 | D:2      | Killed Robin
  1716 | D:3      | Reached skill level 6 in Axes
  1732 | D:3      | Reached skill level 5 in Fighting
  1732 | D:3      | Reached XP level 5. HP: 48/48 MP: 4/4
  2290 | D:4      | Noticed a phantom
  2297 | D:4      | Killed a phantom
  2298 | D:4      | Reached skill level 7 in Axes
  2298 | D:4      | Reached XP level 6. HP: 56/56 MP: 5/5
  2484 | D:4      | Found a burning altar of Makhleb.
  2486 | D:4      | Found a stormy altar of Qazlal.
  2506 | D:4      | Reached *** piety under Trog
  2643 | D:4      | Found a sparkling altar of Nemelex Xobeh.
  2881 | D:5      | Entered Level 5 of the Dungeon
  2908 | D:5      | Noticed a water moccasin
  2915 | D:5      | Killed a water moccasin
  2916 | D:5      | Reached skill level 8 in Axes
  2921 | D:5      | Reached XP level 7. HP: 63/63 MP: 6/6
  2929 | D:5      | Found a shimmering altar of Xom.
  2975 | D:5      | Reached skill level 9 in Axes
  3447 | D:5      | Found a staircase to the Ecumenical Temple.
  3534 | D:5      | Reached XP level 8. HP: 64/73 MP: 7/7
  3630 | D:5      | Found a shadowy altar of Dithmenos.
  3727 | D:5      | Found a runed translucent door.
  3728 | D:5      | Noticed Crazy Yiuf
  3806 | D:6      | Reached skill level 10 in Axes
  4090 | D:6      | Reached skill level 1 in Ranged Weapons
  4908 | D:6      | Found Niremef's Book Shoppe.
  4909 | D:6      | Found Negoil's Book Boutique.
  5487 | D:7      | Reached skill level 11 in Axes
  5603 | D:7      | Found an iron altar of Okawaru.
  5619 | D:7      | Reached XP level 9. HP: 82/82 MP: 8/8
  5905 | D:7      | Found a transporter.
  6365 | D:7      | Reached skill level 5 in Ranged Weapons
  6391 | D:7      | Found a snail-covered altar of Cheibriados.
  6587 | D:7      | Found a transporter.
  6936 | D:7      | Reached skill level 12 in Axes
  7028 | D:8      | Identified a scroll of acquirement
  7028 | D:8      | Acquired a +3 heavy battleaxe
  7445 | D:8      | Found a staircase to the Lair.
  7456 | D:8      | Found a bloodstained altar of Trog.
  7708 | D:9      | Noticed a troll
  7712 | D:9      | Killed a troll
  8188 | D:9      | Reached XP level 10. HP: 58/91 MP: 9/9
  8296 | D:9      | Reached skill level 13 in Axes
  8333 | D:9      | Reached skill level 10 in Fighting
  9086 | D:9      | Noticed a deep elf pyromancer
  9117 | D:9      | HP: 4/93 [asphyx]
  9118 | D:9      | Succumbed to a kobold brigand's curare-tipped dart

Illustrated notes

Levels and vault maps discovered:
D:1:      roderic_crossed_star, layout_rooms, chequers_serial_rivers_small_3
D:2:      minmay_spotlight, layout_rooms, minmay_crystal_room,
          kennysheep_flooded_box, uniq_robin
D:3:      layout_loops_ring
D:4:      layout_basic, nemelex_diamond_rough_becter,
          chequers_temple_overflow_statue_of_worship
D:5:      layout_loops_ring, xom_confusion_cloud, kennysheep_mini_moat,
          temple_fountains, uniq_crazy_yiuf_cottage
D:6:      layout_layer_cave, nrook_mini_vaults, amcnicky_mini_corridor_feature,
          nicolae_wooded_promenade, chequers_decorated_corner
D:7:      gammafunk_steamed_eel, layout_basic, okawaru_humans,
          mainiacjoe_overflow_boulevard, minmay_unpleasant_kobolds
D:8:      layout_cave_pools, bloody_trog, lair_entry_dummy
D:9:      layout_basic, minmay_shop_enchanted_jewellery, kennysheep_island_fort,
          uniq_maurice

Skill      XL: |  1  2  3  4  5  6  7  8  9 10 |
---------------+-------------------------------+-----
Axes           | 4 5 6 7 8 9 11 12 13 | 13.8
Fighting       | 4 5 6 7 8 9 10 | 10.2
Ranged Weapons | 4 7 8 |  8.6
Armour         | |  2.4
Dodging        | |  2.1

Action                     |  1- 3 |  4- 6 |  7- 9 | 10-12 || total
---------------------------+-------+-------+-------+-------++-------
  Melee: Hand axe          |    80 |   115 |    24 |       ||   219
         Headbutt          |     8 |    11 |    27 |     2 ||    48
         War axe           |       |       |   127 |       ||   127
         Punch             |       |       |     2 |       ||     2
         Battleaxe         |       |       |    23 |    25 ||    48
   Fire: Shortbow          |       |       |    68 |       ||    68
         Orcbow            |       |       |       |    44 ||    44
  Throw: Boomerang         |       |     7 |     8 |       ||    15
         Dart              |       |     1 |       |       ||     1
 Invoke: Berserk           |     3 |     4 |     9 |     1 ||    17
         Trog's Hand       |       |     3 |     5 |     4 ||    12
  Evoke: Wand              |       |       |     4 |     7 ||    11
    Use: Scroll            |       |     3 |     8 |     2 ||    13
 Armour: Animal skin       |     9 |       |       |       ||     9
         Chain mail        |       |    25 |       |       ||    25
         Ring mail         |       |     1 |       |       ||     1
         Plate armour      |       |    31 |    79 |     6 ||   116
  Dodge: Dodged            |    59 |    46 |   111 |    21 ||   237

Table legend: (Time is in decaauts)
 A = Elapsed time spent in this place.
 B = Non-inter-level travel time spent in this place.
 C = Inter-level travel time spent in this place.
 D = Time resting spent in this place.
 E = Time spent auto-exploring this place.
 F = Levels seen in this place.
 G = Mean time per level.
                   A        B        C        D        E       F      G
               +--------+--------+--------+--------+--------+-----+--------+
         Total |   9344 |   9165 |    179 |   3073 |   4582 |   9 | 1038.2 |
       Dungeon |   9344 |   9165 |    179 |   3073 |   4582 |   9 | 1038.2 |
               +--------+--------+--------+--------+--------+-----+--------+

Top non-repeatable levels by time:
     D:6: 1698 daAuts
     D:7: 1547 daAuts
     D:9: 1483 daAuts
     D:2: 1069 daAuts
     D:5: 927 daAuts
     D:8: 736 daAuts
     D:4: 646 daAuts
     D:1: 638 daAuts
     D:3: 596 daAuts
